AoeStats
← TM Caesar

Arena

509747053Analyzed
1v1 RM · 5d ago on Sep 27, 2026· 45m 11s· 2 players
Game mode
Random Map
Map size
Tiny (2 player)
Population
200
Speed
Normal
Resources
Standard
Victory
Conquest
Starting age
Dark Age
Ending age
Imperial Age
RankedLock teamsTeams togetherTeam positionsShared explorationLock speedFull tech treeHidden civsTurbo modeCheats
Victory
Defeat
🇦🇷 Varangians · Argentina
1647
+18
🇲🇽 Muisca · Mexico
1694
-18
TM Caesar
10:37 Feudal Age
15:00 Castle Age
13:17 Double-Bit Axe
13:31 Horse Collar
16:05 Bow Saw
24:18 Town Watch
25:29 Wheelbarrow
25:20 Scale Barding Armor
26:12 Forging
27:18 Loom
28:23 Hand Cart
30:44 Imperial Age
28:11 Gold Mining
28:35 Husbandry
29:32 Iron Casting
29:29 Heavy Plow
29:58 Stone Mining
30:39 Bloodlines
30:54 Chain Barding Armor
31:47 Conscription
32:11 Hand Cart
32:40 Plate Barding Armor
32:35 Elite Jarl
34:51 Blast Furnace
33:50 Fletching
35:29 Siege Engineers
37:04 Bodkin Arrow
37:37 Onager
38:59 Squires
39:23 Masonry
39:30 Scale Mail Armor
39:43 Bracer
40:28 Chain Mail Armor
40:12 Light Cavalry
41:34 Architecture
43:59 Cavalier
44:03 Vendel Legacy
45:25 Padded Archer Armor
46:06 Ballistics
hK | Agt. Smith
7:31 Loom
10:27 Feudal Age
14:29 Castle Age
12:43 Double-Bit Axe
14:32 Horse Collar
15:44 Bow Saw
21:29 Wheelbarrow
21:36 Gold Mining
23:06 Town Watch
23:19 Fletching
24:41 Bodkin Arrow
25:00 Loom
28:19 Imperial Age
26:19 Scale Mail Armor
26:57 Stone Mining
27:28 Chain Mail Armor
27:32 Herbalism
27:48 Squires
28:52 Ballistics
28:00 Pikeman
28:20 Champi Runner
30:03 Bracer
30:54 Plate Mail Armor
30:10 Champi Warrior
31:30 Onager
33:22 Padded Archer Armor
33:50 Forging
35:07 Leather Archer Armor
36:24 Iron Casting
37:05 Chemistry
36:46 Conscription
36:18 Crossbowman
37:23 Thumb Ring
37:39 Arbalester
45:56 Hand Cart
Connection lost

Rejoining the realm…

Still unreachable

The connection could not be restored.

Session expired

The server has moved on; the page needs a fresh start.